 Dungeon Sprint DCSS version 0.22.0-16-gc6d26f6 (webtiles) character file.

86 doot the Skirmisher (level 4, -8/44 HPs)
             Began as a Draconian Berserker on Aug 17, 2018.
             Was a Believer of Trog.
             Splashed by an oklob sapling priest's acid (10 damage)
             ... in the Dungeon (Sprint IV: "Fedhas' Mad Dash").
             The game lasted 00:01:53 (682 turns).

doot the Skirmisher (Draconian Berserker)            Turns: 682, Time: 00:01:54

Health: -8/44      AC:  5    Str: 19    XL:     4   Next: 26%
Magic:  3/4        EV: 14    Int:  8    God:    Trog [**....]
Gold:   59         SH:  0    Dex: 11    Spells: 3/3 levels left

rFire    . . .     SeeInvis .   a - +0 mace
rCold    . . .     Gourm    .   (no shield)
rNeg     . . .     Faith    .   (armour unavailable)
rPois    .         Spirit   .   (helmet restricted)
rElec    .         Reflect  .   (no cloak)
rCorr    .         Harm     .   (no gloves)
MR       .....     NoTele   +   (no boots)
Stlth    +.........             j - amulet of invisibility {+Inv}
HPRegen  0.14/turn              (no ring)
MPRegen  0.09/turn              (no ring)

@: very slightly contaminated, invisible (expiring)
A: unfitting armour, cold-blooded, AC +5
a: Berserk, Trog's Hand, Renounce Religion


You were in the Dungeon.
You worshipped Trog.
Trog was pleased with you.
You were very hungry.

You visited 1 branch You collected 59 gold pieces.

Inventory:

Hand Weapons
 a - a +0 mace (weapon)
Jewellery
 j - the amulet of invisibility (around neck) {+Inv}
   (You found it in the Dungeon)

   [amulet of nothing]

   It lets you turn invisible.
Scrolls
 h - a scroll of blinking
 i - a scroll of enchant weapon {unknown}
Potions
 c - a potion of curing
 d - a potion of heal wounds
 e - a potion of haste
 f - 2 potions of magic
 g - a potion of berserk rage
Comestibles
 b - a ration


   Skills:
 + Level 6.2 Fighting
 + Level 5.8 Maces & Flails
 + Level 5.0 Dodging
 + Level 0.5 Stealth
 + Level 0.3 Evocations


You had 3 spell levels left.
You didn't know any spells.
Your spell library was empty.

Dungeon Overview and Level Annotations

Branches:
Dungeon (1/1)

Altars:
Cheibriados
Dithmenos
Elyvilon
Gozag
Hepliaklqana
Kikubaaqudgha
Makhleb
Nemelex Xobeh
Okawaru
Qazlal
Ru
Sif Muna
Trog
Uskayaw
Vehumet
Wu Jian
Xom
Yredelemnul
Zin
The Shining One
Beogh
Jiyva
Lugonu

Annotations:
D exclusion: oklob sapling


Innate Abilities, Weirdness & Mutations

Your plain brown scales are hard. (AC +5)
You cannot fit into any form of body armour.
You are cold-blooded and may be slowed by cold attacks.


Message History

There is a sparkling altar of Nemelex Xobeh here.
You hit the oklob sapling priest but do no damage.
You flicker for a moment.
You thump the oklob sapling priest!
The oklob sapling priest is moderately damaged.
You completely miss the oklob sapling priest.
The oklob sapling priest is moderately damaged.
The oklob sapling priest looks encouraged for a moment.
You hit the oklob sapling priest.
You tail-slap the oklob sapling priest, but do no damage.
The oklob sapling priest is heavily damaged.
The oklob sapling priest spits acid at you.
The splash of acid hits you!
You are splashed with acid!
The acid burns!
You sock the oklob sapling priest!
The oklob sapling priest is almost destroyed.
The oklob sapling priest spits acid at you.
The splash of acid hits you!
* * * LOW HITPOINT WARNING * * *
You are splashed with acid!
The acid burns!
You die...

########################
....#.....#.⌠._._._._.⌠.
)...'.#.(.'.._._._._._..
....#.#...#..._.@P_._...
########'##.._._._._._..
+...#._._._._._.⌠.
#...############## #####


You could see an oklob sapling priest.

Vanquished Creatures
  2 oklob saplings (D)
  A worker ant (D)
  A river rat (D)
  A rat (D)
5 creatures vanquished.

Notes
Turn   | Place    | Note
-------+----------+-------------------------------------------
     0 | D        | doot the Draconian Berserker began the quest for the Orb.
     0 | D        | Reached XP level 1. HP: 19/19 MP: 1/1
    10 | D        | Reached skill level 4 in Fighting
    10 | D        | Reached XP level 2. HP: 20/27 MP: 2/2
   153 | D        | Reached ** piety under Trog
   153 | D        | Reached skill level 5 in Fighting
   153 | D        | Reached XP level 3. HP: 30/36 MP: 3/3
   202 | D        | Noticed an oklob sapling
   206 | D        | Killed an oklob sapling
   206 | D        | Reached skill level 5 in Maces & Flails
   424 | D        | Found the amulet of invisibility {+Inv}
   439 | D        | Noticed an oklob sapling
   454 | D        | Killed an oklob sapling
   454 | D        | Reached skill level 6 in Fighting
   454 | D        | Reached skill level 5 in Dodging
   454 | D        | Reached XP level 4. HP: 15/44 MP: 1/4
   670 | D        | Found an opulent altar of Gozag.
   670 | D        | Found a hazy altar of Hepliaklqana.
   670 | D        | Found a roughly hewn altar of Beogh.
   670 | D        | Found a snail-covered altar of Cheibriados.
   671 | D        | Found a viscous altar of Jiyva.
   671 | D        | Found a burning altar of Makhleb.
   671 | D        | Found a sparkling altar of Nemelex Xobeh.
   671 | D        | Found a sacrificial altar of Ru.
   671 | D        | Found a deep blue altar of Sif Muna.
   671 | D        | Found a bloodstained altar of Trog.
   671 | D        | Found an ornate altar of the Wu Jian Council.
   671 | D        | Found a shimmering altar of Xom.
   671 | D        | Found a basalt altar of Yredelemnul.
   672 | D        | Found an iron altar of Okawaru.
   672 | D        | Found a glowing silver altar of Zin.
   672 | D        | Found a shadowy altar of Dithmenos.
   673 | D        | Found a hide-covered altar of Uskayaw.
   673 | D        | Found an ancient bone altar of Kikubaaqudgha.
   674 | D        | Found a stormy altar of Qazlal.
   674 | D        | Found a glowing golden altar of the Shining One.
   674 | D        | Found a white marble altar of Elyvilon.
   675 | D        | Found a radiant altar of Vehumet.
   675 | D        | Found a corrupted altar of Lugonu.
   682 | D        | HP: 2/44 [oklob sapling priest/splash of acid (12)]
   682 | D        | Splashed by an oklob sapling priest's acid

Skill      XL: |  1  2  3 |
---------------+----------+-----
Fighting       | 4 5 6 |  6.2
Dodging        | 3 4 5 |  5.0
Maces & Flails | 4 5 |  5.8
Stealth        | |  0.5
Evocations     | |  0.3

Action                   |  1- 3 |  4- 6 || total
-------------------------+-------+-------++-------
Melee: Mace              |    21 |     5 ||    26
       Tailslap          |     2 |     1 ||     3
Invok: Berserk           |     3 |       ||     3
 Abil: Evoke Invisibilit |     1 |     1 ||     2
 Stab: Invisible         |     2 |       ||     2
  Eat: Chunk             |     1 |       ||     1
Dodge: Dodged            |     6 |       ||     6
